Map: 乌雷纳

Players

PanietyDeity - Winner!

  • Race: Zerg Zerg
  • League: Gold

shengy

  • Race: Zerg Zerg
  • League: Gold

VOD

Have the link to the VOD?

Description

Time

  • Played on: Dec. 12, 2015, 2:05 a.m.
  • Length: 3:01
Show
View Real Time Build Order
Export as new Build Order

PanietyDeity Zerg - Winner!

Build Orders: Pool Only 

Get SALT Encoding   

  12  0:03  Extractor  
  11  0:22  Spawning Pool  
  11  0:26  Drone  
  11  0:33  Drone  
  12  0:40  Drone  
  13  0:53  Overlord  
  13  1:09  Metabolic Boost  
  13  1:10  Zergling x2  
  14  1:13  Zergling x2  
  14  1:18  Zergling x2  
  16  1:22  Zergling x2  
  17  1:38  Zergling x2  
  18  1:44  Zergling x2  
  19  1:54  Zergling x2  
  18  2:12  Zergling x2  
  18  2:14  Queen  
  21  2:17  Overlord  
  20  2:40  Zergling x4  
Show
View Real Time Build Order
Export as new Build Order

shengy Zerg 

Build Orders: Pool First 

Get SALT Encoding   

  12  0:01  Drone  
  13  0:08  Drone  
  14  0:18  Overlord  
  14  0:36  Drone x3  
  17  0:45  Extractor  
  17  0:47  Spawning Pool  
  15  0:50  Drone  
  16  0:58  Drone  
  17  1:23  Hatchery  
  16  1:38  Spine Crawler  
  16  1:39  Zergling x4  
  17  1:40  Zergling x2  
  19  1:51  Zergling x2  
  19  2:08  Zergling x2  
  17  2:14  Baneling Nest, Queen  
  18  2:22  Zergling x2  
  19  2:23  Zergling x2  
Tags
 
Add a new tag
Caveats
  • Supply blocks, unpowered buildings, or Contaminate may cause inaccurate times.
  • Supply counts are checked every 10 seconds.